 Dungeon Crawl Stone Soup version 0.18.1-8-gdd0e5ea (webtiles) character file.

314 Gagarin the Shield-Bearer (level 6, -2/44 HPs)
             Began as a Formicid Fighter on June 7, 2016.
             Slain by Duvessa
             ... wielding a +0 rapier
              (3 damage)
             ... on level 4 of the Dungeon.
             The game lasted 00:08:49 (3668 turns).

Gagarin the Shield-Bearer (Formicid Fighter)        Turns: 3668, Time: 00:08:50

Health: -2/44      AC:  8    Str: 23    XL:     6   Next: 72%
Magic:  6/6        EV: 10    Int: 12    God:
Gold:   234        SH: 10    Dex: 13    Spells: 0 memorised, 5 levels left

rFire  . . .     SeeInvis +     a - +0 long sword
rCold  + . .     Gourm    .     j - +3 ring mail of the Hurricane {rC+ rCorr Int+4 Dex+3}
rNeg   . . .     Faith    .     c - +0 shield
rPois  .         Spirit   .     (helmet unavailable)
rElec  .         Dismiss  .     (no cloak)
rCorr  +         Reflect  .     (no gloves)
SustAt .         Harm     .     (no boots)
MR     .....                    (no amulet)
Stlth  +.........               (no ring)
                                (no ring)

@: mighty, not resistant to hostile enchantments, very unstealthy
A: permanent stasis, dig shafts and tunnels, four strong arms, antennae 3, frail
1, weak 2
a: Dig, Shaft Self


You were on level 4 of the Dungeon.
You were not hungry.

You visited 1 branch of the dungeon, and saw 4 of its levels.

You collected 234 gold pieces.

Inventory:

Hand Weapons
 a - a +0 long sword (weapon)
Missiles
 g - 9 tomahawks (quivered)
 q - 43 bolts
Armour
 b - a +0 scale mail
 c - a +0 shield (worn)
 j - the +3 ring mail of the Hurricane (worn) {rC+ rCorr Int+4 Dex+3}
   (You found it on level 4 of the Dungeon)

   It affects your intelligence (+4).
   It affects your dexterity (+3).
   It protects you from cold.
   It protects you from acid and corrosion.
Jewellery
 m - an uncursed amulet of magic regeneration {unknown}
 s - a cursed ring of loudness {unknown}
 w - an uncursed amulet of magic regeneration {unknown}
 x - an uncursed ring of see invisible {unknown}
 y - an uncursed ring of ice {unknown}
Wands
 e - a wand of disintegration (2/24)
Scrolls
 h - 2 scrolls of identify
 i - 2 scrolls of teleportation {unknown}
 k - a scroll of magic mapping {unknown}
 n - a scroll of enchant weapon {unknown}
 t - 2 scrolls of amnesia {unknown}
 z - a scroll of random uselessness {unknown}
 B - 2 scrolls of fear {unknown}
 C - a scroll of enchant armour {unknown}
Potions
 p - a potion of flight {unknown}
 r - a potion of experience {unknown}
Comestibles
 f - 3 bread rations
 l - a meat ration
 o - 8 chunks of flesh
 u - a beef jerky
 A - a royal jelly


   Skills:
 + Level 4.4 Fighting
 + Level 3.2 Long Blades
 + Level 4.0 Armour
 + Level 2.1 Dodging
 + Level 5.6 Shields


You had 5 spell levels left.
You didn't know any spells.

Dungeon Overview and Level Annotations

Branches:
Dungeon (4/15)
 Temple: D:4-7

Altars:

Annotations:
D:4 Duvessa


Innate Abilities, Weirdness & Mutations

You are under a permanent stasis effect.
You can dig through walls and to a lower floor.
Your four strong arms can wield two-handed weapons with a shield.
You have a pair of large antennae on your head (SInv).
You are frail (-10% HP).
You are very weak. (Str -4)


Message History

Duvessa resists with some effort.
This wand has 3 charges left.
Duvessa hits you with a rapier!
Evoke which item? (* to show all) (? for menu, Esc to quit)
Zapping:
e - a wand of disintegration (3/24)
Press: ? - help, Shift-Dir - straight line, f/p - Duvessa
Aim: Duvessa, wielding a rapier (moderately wounded, berserk, fast, unusually strong, chance to defeat MR: 48%) Duvessa is blasted.
This wand has 2 charges left.
Duvessa completely misses you. Duvessa hits you with a rapier!
* * * LOW HITPOINT WARNING * * *
Drink which item? (? for menu, Esc to quit)
You feel very mighty all of a sudden. You block Duvessa's attack.
You slash Duvessa!
Duvessa is severely wounded.
You block Duvessa's attack. Duvessa hits you with a rapier.
* * * LOW HITPOINT WARNING * * *
You barely miss Duvessa.
Duvessa is severely wounded.
You block Duvessa's attack. Duvessa hits you with a rapier.
You die...

#....# ##. ##...#
#.( #....# .. #....#
. #. #####.#####
..####.##.###.##..##
...........#.......#
.......[...#.......#
..........)))e@....#
..##...##..##......#
#... #####..#####
#.......e ##..#
........ #...#
#....... #...#
#....... # ##..#
#..#######..##..#
##..##...##..##'###


You could see Duvessa (berserk).

Vanquished Creatures
  Terence (D:2)
  Ijyb (D:2)
  3 orc wizards
  2 worker ants (D:4)
  3 adders (D:2)
  A worm (D:2)
  5 dart slugs (D:1)
  2 giant geckos
  12 orcs
  4 bats
  6 giant cockroaches
  11 goblins
  7 hobgoblins
  6 jackals
  6 kobolds
  A quokka (D:4)
  A ball python (D:1)
  4 giant newts
  5 rats
81 creatures vanquished.

Notes
Turn   | Place    | Note
--------------------------------------------------------------
     0 | D:1      | Gagarin the Formicid Fighter began the quest for the Orb.
     0 | D:1      | Reached XP level 1. HP: 18/18 MP: 1/1
    93 | D:1      | Reached XP level 2. HP: 24/24 MP: 2/2
   214 | D:1      | Reached XP level 3. HP: 17/30 MP: 3/3
   394 | D:1      | Reached skill level 4 in Shields
   909 | D:2      | Noticed Terence
   919 | D:2      | Killed Terence
   919 | D:2      | Reached XP level 4. HP: 33/37 MP: 4/4
  1165 | D:2      | Noticed Ijyb
  1186 | D:2      | Killed Ijyb
  1186 | D:2      | Reached skill level 1 in Dodging
  1186 | D:2      | Reached XP level 5. HP: 40/42 MP: 5/5
  2440 | D:3      | Reached skill level 5 in Shields
  2446 | D:3      | Gained mutation: You are frail (-10% HP). [potion of mutation]
  2446 | D:3      | Gained mutation: You are weak. (Str -2) [potion of mutation]
  2446 | D:3      | Gained mutation: You are very weak. (Str -4) [potion of mutation]
  2453 | D:3      | Reached XP level 6. HP: 8/44 MP: 6/6
  3171 | D:4      | Got a scorched ring mail
  3172 | D:4      | Identified the +3 ring mail of the Hurricane {rC+ rCorr Int+4 Dex+3} (You found it on level 4 of the Dungeon)
  3648 | D:4      | Noticed Duvessa
  3667 | D:4      | HP: 1/44 [Duvessa/rapier (5)]
  3668 | D:4      | Slain by Duvessa

Skill      XL: |  1  2  3  4  5  6 |
---------------+-------------------+-----
Shields        | 4 5 |  5.6
Fighting       | 4 |  4.4
Dodging        | 1 2 |  2.1
Long Blades    | 3 |  3.2
Armour         | 4 |  4.0

Action                   |  1- 3 |  4- 6 || total
-------------------------+-------+-------++-------
Melee: Long sword        |    86 |   237 ||   323
 Abil: Dig               |       |     1 ||     1
Evoke: Wand              |       |     6 ||     6
  Use: Potion            |       |     5 ||     5
       Scroll            |       |     2 ||     2
  Eat: Chunk             |       |     9 ||     9
Armor: Scale mail        |    27 |    75 ||   102
       Ring mail         |       |    17 ||    17
Dodge: Dodged            |    23 |   101 ||   124
Block: Shield            |    48 |   126 ||   174
